[Event "MCR zen 2022"]
[Site "Hotel Opera, Jaroměřice nad Rokytnou, Czech Republic"]
[Date "????.??.??"]
[Round "2.1"]
[White "Pilsova, Karolina"]
[Black "Zelbova, Lada"]
[Result "1-0"]
[TimeControl "90 min/40 moves + 30 min + 30s/move"]
[WhiteElo "2229"]
[BlackElo "1967"]

1. Nf3 c5 2. c4 Nc6 3. d4 cxd4 4. Nxd4 e5 5. Nb5 d6 6. g3 Be6 7. b3 Rc8 8. Bg2 d5 9. cxd5 Nb4 10.
N5c3 Nxd5 11. Bxd5 Bxd5 12. Nxd5 Qa5+ 13. Ndc3 Bb4 14. Bb2 Rxc3 15. Nxc3 Bxc3+ 16. Bxc3 Qxc3+ 17. Kf1 Qc6 18. f3 Ne7 19.
Qd3 O-O 20. Kg2 Qb6 21. Rhd1 Nc6 22. Rac1 h6 23. Qe4 Kh8 24. Rd7 f5 25. Qc4 Qe3 26. Rc3 Qb6 27. Qc5 Qxc5 28. Rxc5 Rb8 29.
f4 exf4 30. gxf4 Re8 31. Kf2 Re4 32. Rxf5 1-0

[Event "MCR zen 2022"]
[Site "Hotel Opera, Jaroměřice nad Rokytnou, Czech Republic"]
[Date "????.??.??"]
[Round "2.2"]
[White "Nemcova, Karin"]
[Black "Richterova, Natasa"]
[Result "0-1"]
[TimeControl "90 min/40 moves + 30 min + 30s/move"]
[WhiteClock "00:04:53"]
[BlackClock "00:26:27"]
[WhiteElo "2181"]
[BlackElo "2181"]

1. e4 c6 2. d4 d5 3. e5 Bf5 4.
Nf3 e6 5. Be2 c5 6. c3 Nc6 7. O-O Rc8 8. a3 Qb6 9. dxc5 Bxc5 10. b4 Be7 11. Be3 Qc7 12. b5 Na5 13. Bd4 b6 14.
Nbd2 Nh6 15. Qa4 Bg6 16. c4 O-O 17. Rac1 Rfd8 18. Bb2 Bc5 19. cxd5 exd5 20. Rfe1 Qd7 21. Bd4 Nb7 22. Nb3 Nf5 23.
h3 Qe7 24. Bf1 Ra8 25. Ra1 Qd7 26. Rac1 Rdc8 27. g4 Ne7 28. Ng5 Qe8 29. f4 h6 30. Nf3 Be4 31. Nbd2 a6 32. Qb3 axb5 33.
Bxb5 Qd8 34. a4 Bxd4+ 35. Nxd4 Rxc1 36. Rxc1 Nc5 37. Qe3 Nxa4 38. f5 Nc5 39. f6 Ng6 40. Rf1 Nxe5 41. g5 g6 42.
gxh6 Kh7 43. Qg3 Qd6 44. Qg5 Ne6 45. Nxe6 Qxe6 46. Qe3 Qd6 47. Nxe4 dxe4 48. Qxe4 Qc5+ 49. Rf2 Ra1+ 50. Bf1 Ra2 51.
Be2 b5 52. h4 b4 53. h5 b3 54. hxg6+ Nxg6 55. Qb7 Qg5+ 56. Kh1 Qh4+ 57. Kg1 Qg3+ 58. Rg2 Qe3+ 59. Kh2 Ra7 60. Qb8 Qf4+ 61. Qxf4 Nxf4 62. Rg7+ Kxh6 63.
Bg4 b2 64. Bf5 Nh5 65. Rg8 Rb7 66. Bb1 Nxf6 67. Rg3 Nd5 68. Kg2 Rb4 69. Kf2 Kh5 70. Rf3 Rf4 0-1

[Event "MCR zen 2022"]
[Site "Hotel Opera, Jaroměřice nad Rokytnou, Czech Republic"]
[Date "????.??.??"]
[Round "2.3"]
[White "Petrova, Kristyna"]
[Black "Trasakova, Adela"]
[Result "1/2-1/2"]
[TimeControl "90 min/40 moves + 30 min + 30s/move"]
[WhiteElo "2264"]
[BlackElo "1842"]

1. Nf3 d5 2. g3 Nf6 3. Bg2 c6 4. O-O Bf5 5. c4 e6 6. cxd5 exd5 7. d3 h6 8. Qb3 Qb6 9. Qc2 Be7 10.
Nc3 O-O 11. e4 dxe4 12. dxe4 Bh7 13. Be3 Qa5 14. h3 Bb4 15. Bd4 Bxc3 16. Bxc3 Bxe4 17. Qc1 Qd8 18. Qf4 Bxf3 19. Bxf3 Nd5 20.
Bxd5 Qxd5 21. Rfd1 Qe6 22. Kh2 f6 23. Bb4 Rc8 24. Re1 Qd5 25. Re7 Na6 26. Bc3 Rf8 27. Rxb7 Nc5 28. Re7 Rae8 29.
Rae1 Nd3 30. Qg4 Rxe7 31. Rxe7 Rf7 32. Re8+ Kh7 33. Qe2 Rd7 34. Kg1 Nc1 35. Qc2+ Nd3 36. Qe2 Nc1 37. Qc2+ Nd3 38.
Qe2 1/2-1/2

[Event "MCR zen 2022"]
[Site "Hotel Opera, Jaroměřice nad Rokytnou, Czech Republic"]
[Date "????.??.??"]
[Round "2.4"]
[White "Lhotska, Anna"]
[Black "Koubova, Anna Marie"]
[Result "1-0"]
[TimeControl "90 min/40 moves + 30 min + 30s/move"]
[WhiteElo "2029"]
[BlackElo "2115"]

1. e4 c6 2. d4 d5 3. exd5 cxd5 4. Bd3 Nc6 5. c3 Qc7 6. Be3 Nf6 7. h3 e6 8. Nf3 Bd6 9. Nbd2 O-O 10.
O-O Rb8 11. Rc1 b5 12. b4 Ne7 13. Bg5 Nd7 14. Re1 f6 15. Bh4 e5 16. dxe5 fxe5 17. Qb3 Nf6 18. Ne4 Be6 19. Nxd6 Qxd6 20.
Rxe5 Nd7 21. Re2 Nc6 22. Bg3 Qe7 23. Bxb8 Ncxb8 24. Nd4 Qg5 25. Qc2 Bxh3 26. f3 Ne5 27. Rxe5 Qxe5 28. gxh3 Qe3+ 29. Kh1 Nc6 30. Bxh7+ Kh8 31.
Rf1 Nxd4 32. cxd4 Rxf3 33. Rxf3 Qxf3+ 34. Kh2 Qf4+ 35. Kg2 Qxd4 36. Bg6 Qc4 37. Qxc4 bxc4 38. Kf3 d4 39. Ke4 d3 40.
Kd4 d2 41. Bc2 1-0

[Event "MCR zen 2022"]
[Site "Hotel Opera, Jaroměřice nad Rokytnou, Czech Republic"]
[Date "????.??.??"]
[Round "2.5"]
[White "Sikorova, Olga"]
[Black "Novosadova, Kristyna"]
[Result "1-0"]
[TimeControl "90 min/40 moves + 30 min + 30s/move"]
[WhiteElo "2173"]
[BlackElo "2147"]

1. c4 f5 2. Nc3 Nc6 3. g3 g6 4. Bg2 Bg7 5. d3 Nf6 6. e4 d6 7. Nge2 O-O 8. O-O e5 9. Nd5 Nh5 10.
Rb1 Be6 11. b4 Qd7 12. b5 Nd8 13. exf5 gxf5 14. f4 c6 15. bxc6 bxc6 16. Ne3 Nf6 17. fxe5 dxe5 18. d4 exd4 19.
Nxd4 Ng4 20. Nxe6 Qxe6 21. Nxg4 fxg4 22. Rxf8+ Bxf8 23. Bf4 Nf7 24. Qa4 Bc5+ 25. Kh1 Rc8 26. Qa5 Qxc4 27. Rc1 Bb4 28.
Qf5 Qa6 29. Qxg4+ Kf8 30. Rf1 c5 31. Bd6+ Qxd6 32. Qxc8+ Kg7 33. Qb7 1-0